 Dungeon Crawl Stone Soup version 0.14-a0-1576-gf4c5cb9 (webtiles) character file.

956 HollowCharge the Cudgeler (level 7, -1/79 HPs)
             Began as an Ogre Berserker on Dec 21, 2013.
             Was an Initiate of the Shining One.
             Splashed by a jelly's acid (7 damage)
             ... on Level 5 of the Dungeon.
             The game lasted 00:31:38 (3484 turns).

HollowCharge the Cudgeler (Ogre Berserker)          Turns: 3484, Time: 00:31:39

HP  -1/79        AC  4     Str 25      XL: 7   Next: 93%
MP   7/7         EV 11     Int  6      God: the Shining One [......]
Gold 145         SH  0     Dex  9      Spells:  0 memorised,  6 levels left

rFire  x . .     SeeInvis .     a - +1,-3 mace
rCold  + . .     Clarity  .     r - -1 robe
rNeg   . . .     Conserve .     (shield restricted)
rPois  +         rCorr    .     (helmet restricted)
rElec  .         rRot     .     l - +1 cloak
SustAb . .       Spirit   .     (gloves unavailable)
rMut   .         Warding  .     (boots unavailable)
Saprov + . .     Stasis   .     (no amulet)
                                v - ring of poison resistance
                                o - ring of ice

@: slightly resistant to hostile enchantments, very unstealthy
A: unfitting armour, fast metabolism 1, saprovore 1, tough skin 1
a: Renounce Religion


You were on level 5 of the Dungeon.
You worshipped the Shining One. the Shining One was noncommittal.
You were very hungry.

You visited 2 branches of the dungeon, and saw 6 of its levels.

You collected 145 gold pieces.

Inventory:

Hand weapons
 a - a +1,-3 mace (weapon)
 j - a +0,+0 giant club
Armour
 b - a +0 animal skin
 l - a +1 cloak (worn)
 r - a -1 robe (worn)
 A - a +0 cloak
Magical devices
 B - a wand of confusion (0) {unknown}
Comestibles
 c - 3 meat rations
 p - a pear
 s - 3 bread rations
 t - a choko
Scrolls
 g - a scroll of blinking {unknown}
 h - a scroll of amnesia {unknown}
 k - a scroll of fog {unknown}
 m - 2 scrolls of magic mapping {unknown}
 w - a scroll of recharging {unknown}
Jewellery
 o - a ring of ice (left hand)
 u - an uncursed ring of magical power
 v - a ring of poison resistance (right hand)
 y - an uncursed amulet of the gourmand {unknown}
Potions
 d - 2 potions of curing
 e - a potion of heal wounds
 f - 3 potions of speed {unknown}
 i - a potion of might {unknown}
 n - a potion of degeneration {unknown}
 q - 2 potions of agility {unknown}
 x - a potion of restore abilities {unknown}
 z - a potion of paralysis {unknown}


   Skills:
 + Level 7.6 Fighting
 + Level 7.6 Maces & Flails
 + Level 5.3 Dodging


You had 6 spell levels left.
You didn't know any spells.

Dungeon Overview and Level Annotations

Branches:
Dungeon (5/16)             Temple (1/1) D:4

Altars:
Ashenzari
Fedhas
Makhleb
Nemelex Xobeh
Vehumet
Xom
Yredelemnul
the Shining One

Shops:
D:4 }


Innate Abilities, Weirdness & Mutations

You are too large for most types of armour.
You have a fast metabolism.
You can tolerate rotten meat.
You have tough skin (AC +1).


Message History

The jelly is heavily wounded.
The jelly barely misses you. The jelly closely misses you.
You sock the jelly!
The jelly is almost dead.
The jelly completely misses you. The jelly hits you but does no damage.
You hit the jelly but do no damage.
The jelly is almost dead.
The jelly misses you. The jelly hits you.
You are splashed with acid!
The acid burns!
* * * LOW HITPOINT WARNING * * *
You hit the jelly.
The jelly is almost dead.
The jelly hits you.
* * * LOW HITPOINT WARNING * * *
You are splashed with acid!
The acid burns!
* * * LOW HITPOINT WARNING * * *
The jelly hits you.
* * * LOW HITPOINT WARNING * * *
You are splashed with acid!
The acid corrodes your +0 robe!
The acid burns!
You die...

#.# #.# #.# #.#
#.########.#####.# #.#
#................. #.#
#..#######.#####.#
#.###..#######.#####.#
#.h...................
#####..#######.####...
#JJ# #>.. #@%# #...
#..# ###... #..#
#..... #..# #.#...
##..## #.#... #....#
#.#... #....# #.####
#....######.##.####
#..................


You could see 2 jellies.

Vanquished Creatures
  Grinder (D:5)
  A phantom (D:4)
  2 ogres
  A crimson imp (D:5)
  A scorpion (D:4)
  2 worker ants (D:4)
  A worker ant zombie (D:5)
  12 adders
  A giant mite (D:4)
  2 worms
  A giant eyeball (D:5)
  A giant gecko (D:4)
  3 orcs
  10 bats
  4 giant cockroaches
  6 goblins
  8 hobgoblins
  7 jackals
  4 quokkas
  2 ball pythons
  2 giant newts
  9 kobolds
  A kobold skeleton (D:4)
  An orc skeleton (D:4)
  A quokka skeleton (D:5)
  14 rats
98 creatures vanquished.

Notes
Turn   | Place    | Note
--------------------------------------------------------------
     0 | D:1      | HollowCharge, the Ogre Berserker, began the quest for the Orb.
     0 | D:1      | Reached XP level 1. HP: 24/24 MP: 1/1
   420 | D:1      | Reached XP level 2. HP: 20/32 MP: 2/2
   906 | D:2      | Reached XP level 3. HP: 38/40 MP: 3/3
  1039 | D:2      | Acquired Trog's second power
  1269 | D:3      | Reached skill level 5 in Maces & Flails
  1269 | D:3      | Reached XP level 4. HP: 49/49 MP: 4/4
  1558 | D:3      | Reached skill level 5 in Fighting
  1703 | D:3      | Found a blossoming altar of Fedhas.
  1957 | D:4      | Noticed an ogre
  1963 | D:4      | Killed an ogre
  1963 | D:4      | Reached XP level 5. HP: 57/57 MP: 5/5
  2104 | D:4      | Reached skill level 6 in Maces & Flails
  2104 | D:4      | Reached XP level 6. HP: 37/67 MP: 6/6
  2158 | D:4      | Found Baunwa's Gadget Shoppe.
  2207 | D:4      | Found a staircase to the Ecumenical Temple.
  2236 | Temple   | Entered the Ecumenical Temple
  2286 | Temple   | Fell from the grace of Trog
  2286 | Temple   | Became a worshipper of the Shining One
  2462 | D:4      | Noticed a deep troll
  2462 | D:4      | Noticed an iron troll
  2462 | D:4      | Noticed a grizzly bear
  2519 | D:5      | Entered Level 5 of the Dungeon
  2971 | D:5      | Reached XP level 7. HP: 46/76 MP: 7/7
  2997 | D:5      | Paralysed by a giant eyeball for 4 turns
  3003 | D:5      | Paralysed by a giant eyeball for 2 turns
  3010 | D:5      | Paralysed by a giant eyeball for 2 turns
  3252 | D:5      | Found a shimmering altar of Xom.
  3332 | D:5      | Noticed Grinder
  3365 | D:5      | Paralysed by Grinder for 5 turns
  3381 | D:5      | Killed Grinder
  3381 | D:5      | Reached skill level 7 in Fighting
  3381 | D:5      | Reached skill level 5 in Dodging
  3484 | D:5      | Splashed by a jelly's acid

Action                   |  1- 3 |  4- 6 |  7- 9 || total
-------------------------+-------+-------+-------++-------
Melee: Mace              |    87 |   213 |    87 ||   387
Invok: Berserk           |     1 |     3 |       ||     4
  Use: Scroll            |       |    15 |       ||    15
       Potion            |       |     3 |     3 ||     6
 Stab: Sleeping          |       |     1 |       ||     1
